 Dungeon Sprint DCSS version 0.28.0-45-g0d030f2227 (webtiles) character file.

Game seed: 8926887452396225744

1344 McKennaii the Fighter (level 8, -6/78 HPs)
             Began as a Demigod Fighter on Apr 18, 2022.
             Mangled by a polar bear (12 damage)
             ... in the Dungeon (Sprint II: "The Violet Keep of Menkaure").
             The game lasted 00:05:22 (1467 turns).

McKennaii the Fighter (Demigod Fighter)             Turns: 1467, Time: 00:05:22

Health: -6/78      AC:  8    Str: 25      XL:     8   Next: 13%
Magic:  10/10      EV:  9    Int:  7 (10) God:
Gold:   384        SH:  6    Dex: 13      Spells: 7/7 levels left

rFire   . . .      SeeInvis .   a - +0 trident
rCold   . . .      Faith    .   c - +0 buckler
rNeg    . . .      Spirit   .   b - +0 scale mail
rPois   .          Reflect  .   (no helmet)
rElec   .          Harm     .   (no cloak)
rCorr   .          Rampage  .   (no gloves)
Will    .....      NoTele   +   (no boots)
Stlth   ..........              (no amulet)
HPRegen 0.00/turn               (no ring)
MPRegen 0.12/turn               (no ring)

@: inhibited regen, studying Fighting
A: high MP 1, forlorn, divine attributes, deterioration 1, inhibited
regeneration
a: no special abilities


You were in the Dungeon.
You visited 1 branch You collected 1996 gold pieces.
You spent 1612 gold pieces at shops.

Inventory:

Hand Weapons
 a - a +0 trident (weapon)
Armour
 b - a +0 scale mail (worn)
 c - a +0 buckler (worn)
Jewellery
 d - a ring of fire
Scrolls
 j - a scroll of blinking
Potions
 g - a potion of haste
 h - 2 potions of magic


   Skills:
 + Level 9.2 Fighting
 + Level 8.9 Polearms
 + Level 9.1 Armour
 - Level 9.0 Shields


You had 7 spell levels left.
You didn't know any spells.
Your spell library was empty.

Dungeon Overview and Level Annotations

Branches:
Dungeon (1/1)

Shops:
D =(:?!==(=?[[![:

Annotations:
D exclusions: ice statue, obsidian statue and oklob plant


Innate Abilities, Weirdness & Mutations

You have an increased reservoir of magic. (+10% MP)
You shall have no god before yourself.
Your divine heritage dramatically boosts your attributes as you level up.
Your body sometimes deteriorates upon taking damage.
You do not regenerate when monsters are visible.


Message History

The polar bear claws you but does no damage. x2
There is a burning altar of Makhleb here.
There is a radiant altar of Vehumet here.
You puncture the polar bear!
The polar bear is moderately wounded.
The polar bear bites you!
* * * LOW HITPOINT WARNING * * *
Your body deteriorates!
You feel dopey. The polar bear completely misses you.
You block the polar bear's attack.
Unknown command.
Press < or > to pray at altars.
You feel much better. The polar bear barely misses you. x2
The polar bear claws you but does no damage.
The polar bear bites you.
The polar bear claws you but does no damage.
The polar bear claws you.
Unknown command.
Press < or > to pray at altars.
You hit the polar bear.
The polar bear is moderately wounded.
The polar bear bites you!
* * * LOW HITPOINT WARNING * * *
The polar bear claws you but does no damage.
The polar bear completely misses you.
Unknown command.
Press < or > to pray at altars.
You hit the polar bear but do no damage.
The polar bear is moderately wounded.
The polar bear bites you.
* * * LOW HITPOINT WARNING * * *
The polar bear barely misses you. You block the polar bear's attack.
The polar bear bites you.
* * * LOW HITPOINT WARNING * * *
The polar bear claws you.
* * * LOW HITPOINT WARNING * * *
The polar bear completely misses you.
You barely miss the polar bear.
The polar bear is moderately wounded.
The polar bear bites you!
You die...

##≈≈.....≈#'########+###
≈≈≈≈≈§≈..≈#.._.....#§≈≈##
≈≈≈≈≈§≈≈.≈#._._....#≈≈≈≈##
≈≈§≈≈≈§≈≈≈#_._._...#§§§≈≈#
§§≈§≈≈≈≈≈c#._._._..#≈≈≈≈§≈
#≈≈§§≈§§≈h#_._._._.#§§≈≈≈≈
##≈§≈###≈§#._._._._#S≈§§§≈
##§§ #§§#_._._hh.#S§§§§≈
#§y#..._.@._#S§§§▓▓
§≈≈§§≈##########≈≈≈§▓z
#######≈≈≈≈≈≈≈≈≈≈≈≈≈▓z
≈≈≈≈###≈########≈▓▓▓▓▓
≈≈≈≈≈##≈# ▓▓ 8○≈≈≈≈+≈#
≈≈≈≈≈#### ≈°○#


You could see 3 polar bears, a yaktaur, a hornet and 3 water moccasins.

Vanquished Creatures
  4 neqoxecs (D)
  Menkaure (D)
  A water moccasin (D)
  4 necrophages (D)
  5 scorpions (D)
  3 worms (D)
18 creatures vanquished.

Notes
Turn   | Place    | Note
-------+----------+-------------------------------------------
     0 | D        | McKennaii the Demigod Fighter began the quest for the Orb.
     0 | D        | Reached XP level 1. HP: 18/18 MP: 3/3
     1 | D        | Noticed a scorpion
     1 | D        | Noticed a scorpion
     1 | D        | Noticed a scorpion
     1 | D        | Noticed a scorpion
     8 | D        | Killed a scorpion
     9 | D        | Reached XP level 2. HP: 27/27 MP: 4/4
     9 | D        | Reached XP level 3. HP: 33/33 MP: 5/5
    11 | D        | Killed a scorpion
    12 | D        | Reached skill level 5 in Fighting
    12 | D        | Reached skill level 5 in Armour
    12 | D        | Reached skill level 5 in Shields
    12 | D        | Reached XP level 4. HP: 42/42 MP: 6/6
    17 | D        | Reached skill level 5 in Polearms
    17 | D        | Reached XP level 5. HP: 49/49 MP: 7/7
   449 | D        | Noticed an obsidian statue
   471 | D        | Noticed a neqoxec
   473 | D        | Noticed a neqoxec
   479 | D        | Noticed a neqoxec
   480 | D        | Killed a neqoxec
   481 | D        | Reached XP level 6. HP: 45/58 MP: 8/8
   483 | D        | Killed a neqoxec
   488 | D        | Killed a neqoxec
   489 | D        | Reached XP level 7. HP: 42/67 MP: 9/9
   493 | D        | Noticed a neqoxec
   500 | D        | Gained mutation: Your body sometimes deteriorates upon
                  | taking damage. [a neqoxec]
   502 | D        | Gained mutation: You do not regenerate when monsters are
                  | visible. [a neqoxec]
   505 | D        | Killed a neqoxec
   933 | D        | Found Wesaugoq's Book Shop.
   933 | D        | Found Hagiocop's Armour Boutique.
   933 | D        | Found Jixaeqig's Antique Armour Shop.
   933 | D        | Found Yhub's Magic Scroll Boutique.
   933 | D        | Found Ceffuschuire's Antique Armour Boutique.
   933 | D        | Found Seung's Jewellery Shop.
   934 | D        | Found Ulolodoa's Antique Weapon Shop.
   935 | D        | Found Pacw's Distillery.
   935 | D        | Found Mucic's Jewellery Shop.
   935 | D        | Found Muuleeg's Jewellery Boutique.
   937 | D        | Found Ysaen's Distillery.
   937 | D        | Found Gelyos's Magic Scroll Boutique.
   937 | D        | Noticed Menkaure
   937 | D        | Noticed a wyvern
   937 | D        | Noticed a wyvern
   937 | D        | Noticed an oklob plant
   938 | D        | Found Egronla's Antique Weapon Shop.
   938 | D        | Found Ipsaps's Jewellery Boutique.
   938 | D        | Found Naph's Book Shoppe.
   938 | D        | Noticed a polar bear
   939 | D        | Noticed a polar bear
   952 | D        | Killed Menkaure
   953 | D        | Reached XP level 8. HP: 41/78 MP: 10/10
   979 | D        | Bought a scroll of acquirement for 572 gold pieces
   979 | D        | Acquired 1024 gold pieces
   997 | D        | Bought a manual of Fighting for 1040 gold pieces
  1426 | D        | Noticed a hornet
  1426 | D        | Noticed a polar bear
  1426 | D        | Noticed a polar bear
  1427 | D        | Noticed a yaktaur
  1427 | D        | Noticed a polar bear
  1433 | D        | Noticed an ice statue
  1467 | D        | Mangled by a polar bear

Illustrated notes

Levels and vault maps discovered:
D:        the_violet_keep_of_menkaure [sprint2_stairs_cluster_1,
          sprint2_shoproom, sprint2_temple, sprint2_basic_supplies,
          sprint2_obstacle_3, sprint2_obstacle_2, sprint2_obstacle_6,
          sprint2_obstacle_7, sprint2_obstacle_1, sprint2_timed_cluster_1,
          sprint2_smallroom_cluster_1, sprint2_smallroom_final_cluster_1,
          sprint2_transparent_cluster_1, sprint2_second_timed_cluster_1,
          sprint2_sniper_area_1, sprint2_heavy_combat_area_1,
          sprint2_mutation_trap_area_1, sprint2_forest_area_1,
          sprint2_light_combat_area_1, sprint2_behind_water_1,
          sprint2_near_end_vault_1]

Skill      XL: |  1  2  3  4  5  6  7 |
---------------+----------------------+-----
Fighting       | 4 5 6 7 9 |  9.2
Polearms       | 3 4 5 6 7 8 |  8.9
Armour         | 4 5 6 7 9 |  9.1
Shields        | 4 5 6 7 9 |  9.0

Action                   |  1- 3 |  4- 6 |  7- 9 || total
-------------------------+-------+-------+-------++-------
Melee: Trident           |     9 |    55 |    80 ||   144
  Use: Potion            |     1 |     1 |     2 ||     4
       Scroll            |       |       |     1 ||     1
Armor: Scale mail        |     2 |     9 |    31 ||    42
Dodge: Dodged            |     4 |    15 |    34 ||    53
Block: Buckler           |       |     4 |    17 ||    21
